 Dungeon Sprint DCSS version 0.26-a0-668-gd58323b419 (webtiles) character file.

Game seed: 26440494672241978

1407 mhtbhm the Protected (level 8, 0/82 HPs)
             Began as a Minotaur Fighter on Oct 18, 2020.
             Was a Priest of Okawaru.
             Slain by Urug
             ... wielding a +4 eveningstar of draining
              (26 damage)
             ... in the Dungeon (Sprint IX: "|||||||||||||||||||||||||||||").
             The game lasted 00:01:28 (972 turns).

mhtbhm the Protected (Minotaur Fighter)              Turns: 972, Time: 00:01:29

Health: 0/82       AC: 12    Str: 23    XL:     8   Next: 42%
Magic:  5/7        EV: 17    Int:  5    God:    Okawaru [***...]
Gold:   0          SH: 15    Dex: 16    Spells: 7/7 levels left

rFire    . . .     SeeInvis .   a - +2 scimitar (flame)
rCold    . . .     Faith    .   c - +0 kite shield
rNeg     . . .     Spirit   .   b - +2 ring mail
rPois    .         Reflect  .   (helmet restricted)
rElec    .         Harm     .   (no cloak)
rCorr    .         Rampage  .   p - +0 pair of gloves
MR       .....     NoTele   +   (no boots)
Stlth    ++........             (no amulet)
HPRegen  0.23/turn              q - +3 ring of dexterity
MPRegen  0.10/turn              r - +3 ring of dexterity

@: heroism, lightly drained
A: retaliatory headbutt, horns 2
a: Heroism, Renounce Religion


You were in the Dungeon.
You worshipped Okawaru.
Okawaru was most pleased with you.
You visited 1 branch

Inventory:

Hand Weapons
 a - a +2 scimitar of flaming (weapon)
 o - a +2 dire flail of holy wrath
Armour
 b - a +2 ring mail (worn)
 c - a +0 kite shield (worn)
 p - a +0 pair of gloves (worn)
Jewellery
 q - a +3 ring of dexterity (left hand)
 r - a +3 ring of dexterity (right hand)
Wands
 n - a wand of iceblast (10)
Scrolls
 j - 2 scrolls of blinking
 l - 3 scrolls of remove curse
 m - 2 scrolls of amnesia
Potions
 e - 4 potions of curing
 f - a potion of heal wounds
 g - a potion of haste
 h - 4 potions of magic
 i - a potion of berserk rage
 k - a potion of invisibility


   Skills:
 + Level 11.5(15.7) Fighting
 + Level 9.7(14.0) Long Blades
 + Level 12.0(16.2) Armour
 + Level 4.6(8.9) Dodging
 + Level 11.8(16.0) Shields


You had 7 spell levels left.
You didn't know any spells.
Your spell library was empty.

Dungeon Overview and Level Annotations

Branches:
Dungeon (1/1)

Altars:
Cheibriados
Dithmenos
Elyvilon
Fedhas
Gozag
Hepliaklqana
Kikubaaqudgha
Makhleb
Nemelex Xobeh
Okawaru
Qazlal
Ru
Sif Muna
Trog
Uskayaw
Vehumet
Wu Jian
Xom
Yredelemnul
Zin
The Shining One
Beogh
Jiyva
Lugonu

Annotations:
D Urug


Innate Abilities, Weirdness & Mutations

You reflexively headbutt those who attack you in melee.
You have a pair of horns on your head.


Message History

Urug throws a javelin.
The javelin pierces through you!
Urug throws a javelin.
The javelin pierces through you!
Urug throws a javelin.
The javelin pierces through you!
You feel better.
You gain the combat prowess of a mighty hero.
Urug hits you with a +4 eveningstar of draining!
You feel drained.
You barely miss Urug. Your headbutt misses Urug. You closely miss Urug.
Urug hits you but does no damage.
You feel drained.
You closely miss Urug. You hit Urug but do no damage.
You headbutt Urug, but do no damage. You block Urug's attack.
You completely miss Urug. Your headbutt misses Urug. You hit Urug.
You burn Urug. You headbutt Urug.
Urug is lightly wounded.
You block Urug's attack.
You hit Urug but do no damage.
Urug is lightly wounded.
Urug hits you with a +4 eveningstar of draining!!
You die...

▓.▓
▓.▓'▓
▓.▓_▓
▓.▓_▓
▓.▓_▓
▓.▓_▓
▓.▓_▓
▓o▓_▓
▓@▓_▓
▓.▓_▓
▓.▓_▓
▓.▓_▓
▓(▓_▓
▓.▓_▓
▓.▓_▓
▓.▓_▓
▓.▓_▓


You could see Urug.

Vanquished Creatures
  A two-headed ogre (D)
  A troll (D)
  2 shadows (D)
  An acid dragon (D)
  A bullfrog (D)
  A wight (D)
  2 worker ants (D)
  2 adders (D)
  An adder skeleton (D)
  A dart slug (D)
  An orc (D)
  A bat skeleton (D)
  A bat zombie (D)
  2 giant cockroaches (D)
  A kobold (D)
  A frilled lizard (D)
  A quokka zombie (D)
  A rat (D)
22 creatures vanquished.

Notes
Turn   | Place    | Note
-------+----------+-------------------------------------------
     0 | D        | mhtbhm the Minotaur Fighter began the quest for the Orb.
     0 | D        | Reached XP level 1. HP: 19/19 MP: 0/0
     8 | D        | Reached skill level 4 in Armour
    62 | D        | Noticed a worker ant
    67 | D        | Killed a worker ant
    67 | D        | Reached skill level 5 in Fighting
    67 | D        | Reached skill level 5 in Armour
    67 | D        | Reached skill level 5 in Shields
    67 | D        | Reached XP level 2. HP: 16/29 MP: 1/1
    67 | D        | Reached XP level 3. HP: 20/36 MP: 2/2
    78 | D        | Reached skill level 6 in Armour
   233 | D        | Found a roughly hewn altar of Beogh.
   233 | D        | Found a snail-covered altar of Cheibriados.
   233 | D        | Found a shadowy altar of Dithmenos.
   233 | D        | Found a white marble altar of Elyvilon.
   233 | D        | Found a blossoming altar of Fedhas.
   233 | D        | Found an opulent altar of Gozag.
   234 | D        | Found a hazy altar of Hepliaklqana.
   235 | D        | Found a viscous altar of Jiyva.
   236 | D        | Found an ancient bone altar of Kikubaaqudgha.
   237 | D        | Found a corrupted altar of Lugonu.
   238 | D        | Found a burning altar of Makhleb.
   239 | D        | Found a sparkling altar of Nemelex Xobeh.
   240 | D        | Found an iron altar of Okawaru.
   241 | D        | Found a stormy altar of Qazlal.
   242 | D        | Found a sacrificial altar of Ru.
   243 | D        | Found a shimmering blue altar of Sif Muna.
   244 | D        | Found a bloodstained altar of Trog.
   245 | D        | Found a hide-covered altar of Uskayaw.
   246 | D        | Found a radiant altar of Vehumet.
   247 | D        | Found an ornate altar of the Wu Jian Council.
   248 | D        | Found a shimmering altar of Xom.
   252 | D        | Became a worshipper of Warmaster Okawaru
   254 | D        | Found a basalt altar of Yredelemnul.
   255 | D        | Found a glowing silver altar of Zin.
   256 | D        | Found a glowing golden altar of the Shining One.
   304 | D        | Noticed a two-headed ogre
   316 | D        | Killed a two-headed ogre
   316 | D        | Reached * piety under Okawaru
   316 | D        | Reached ** piety under Okawaru
   316 | D        | Reached skill level 10 in Fighting
   316 | D        | Reached skill level 10 in Armour
   316 | D        | Reached skill level 10 in Shields
   316 | D        | Reached XP level 4. HP: 51/51 MP: 3/3
   316 | D        | Reached XP level 5. HP: 58/58 MP: 4/4
   316 | D        | Reached XP level 6. HP: 66/66 MP: 5/5
   316 | D        | Reached XP level 7. HP: 72/72 MP: 6/6
   659 | D        | Noticed a shadow
   659 | D        | Noticed a troll
   659 | D        | Noticed a shadow
   663 | D        | Reached skill level 11 in Armour
   671 | D        | Killed a shadow
   671 | D        | Reached *** piety under Okawaru
   672 | D        | Reached XP level 8. HP: 38/82 MP: 7/7
   684 | D        | Killed a troll
   687 | D        | Reached skill level 12 in Armour
   959 | D        | Noticed Urug
   972 | D        | Slain by Urug

Illustrated notes

Levels and vault maps discovered:
D:        linesprint [early_d, line_temple, items_1, d_10, items_2, lair_1,
          lair_end, items_3, orc_1, orc_end, items_4, d_15, swamp_1, shoals_1,
          snake_1, spider_1, d_20, vaults_1, items_5, swamp_end, shoals_end,
          snake_end, spider_end, vaults_end, d_27, items_6, zot_1, zot_end,
          crypt_end, forest_end, elf_end, slime_end, tomb_end, abyss_end,
          pan_hell_end]

Skill      XL: |  1  2  3  4  5  6  7  8 |
---------------+-------------------------+-----
Fighting       | 5 10 11 | 11.5
Armour         | 5 10 11 12 | 12.0
Shields        | 5 10 11 | 11.8
Long Blades    | 3 7 9 |  9.7
Dodging        | 3 4 |  4.6

Action                   |  1- 3 |  4- 6 |  7- 9 || total
-------------------------+-------+-------+-------++-------
Melee: Long sword        |    30 |       |       ||    30
       Headbutt          |    10 |       |    10 ||    20
       Scimitar          |     8 |       |    29 ||    37
Invok: Heroism           |       |       |     1 ||     1
  Use: Potion            |     3 |       |     1 ||     4
Armor: Scale mail        |    16 |       |       ||    16
       Ring mail         |     1 |       |     4 ||     5
Dodge: Dodged            |    13 |       |     7 ||    20
Block: Kite shield       |    21 |       |    10 ||    31
       Rpst.: Long sword |     3 |       |       ||     3
       Scimitar          |     3 |       |     2 ||     5

Table legend: (Time is in decaauts)
 A = Elapsed time spent in this place.
 B = Non-inter-level travel time spent in this place.
 C = Inter-level travel time spent in this place.
 D = Time resting spent in this place.
 E = Time spent auto-exploring this place.
 F = Levels seen in this place.
 G = Mean time per level.
                   A        B        C        D        E       F      G
               +--------+--------+--------+--------+--------+-----+--------+
         Total |    980 |    980 |      0 |    730 |     59 |   1 |  980.0 |
       Dungeon |    980 |    980 |      0 |    730 |     59 |   1 |  980.0 |
               +--------+--------+--------+--------+--------+-----+--------+

Top non-repeatable levels by time:
       D: 980 daAuts
